 Dungeon Crawl Stone Soup version 0.27.1-34-g3ba077fa99 (webtiles) character file.

Game seed: 15372232941722818305

348 pkoi the Ruffian (level 6, -5/76 HPs)
             Began as a Draconian Monk on Jan 13, 2022.
             Killed by divine providence
             ... invoked by an orc priest
              (11 damage)
             ... on level 5 of the Dungeon.
             The game lasted 00:05:30 (5838 turns).

pkoi the Ruffian (Draconian Monk)                   Turns: 5838, Time: 00:05:31

Health: -5/76      AC:  7    Str: 14    XL:     6   Next: 33%
Magic:  6/6        EV: 13    Int: 12    God:
Gold:   151        SH:  0    Dex: 13    Spells: 5/5 levels left

rFire    . . .     SeeInvis .     - Unarmed
rCold    . . .     Faith    .   (no shield)
rNeg     + . .     Spirit   .   (armour unavailable)
rPois    .         Reflect  .   (helmet restricted)
rElec    .         Harm     .   o - +0 cloak
rCorr    .         Rampage  .   (no gloves)
Will     .....                  (no boots)
Stlth    ..........             (no amulet)
HPRegen  0.22/turn              e - ring of positive energy
MPRegen  0.10/turn              (no ring)

@: berserking (expiring), very quick
A: AC +6, unfitting armour, cold-blooded
a: no special abilities


You were on level 5 of the Dungeon.
You visited 1 branch of the dungeon, and saw 5 of its levels.

You collected 151 gold pieces.

Inventory:

Hand Weapons
 k - a +1 dagger of speed
 m - a +1 short sword of venom
Missiles
 f - a throwing net (quivered)
 q - 27 poisoned darts
Armour
 o - a +0 cloak (worn)
Jewellery
 e - a ring of positive energy (left hand)
 l - a ring of ice
Wands
 i - a wand of flame (17)
Scrolls
 b - a scroll of teleportation
 d - a scroll of identify
 p - a scroll of enchant armour {unknown}
Potions
 a - 2 potions of curing {unknown}
 c - 2 potions of flight {unknown}
 g - a potion of brilliance {unknown}
 h - a potion of haste {unknown}
 j - a potion of cancellation
 n - a potion of berserk rage


   Skills:
 - Level 3.2 Fighting
 + Level 4.8 Dodging
 - Level 1.7 Stealth
 + Level 5.2 Unarmed Combat
 + Level 1.7 Evocations


You had 5 spell levels left.
You didn't know any spells.
Your spell library contained the following spells:

 Spells                   Type           Power      Damage    Failure   Level
 Conjure Flame            Conj/Fire      0%         6-21      69%         3
 Ignite Poison            Fire/Tmut/Pois 0%         N/A       69%         3
 Sticky Flame             Conj/Fire      0%         2d3       97%         4


Dungeon Overview and Level Annotations

Branches:
Dungeon (5/15)
 Temple: D:4-7

Altars:

Annotations:
D:2 1 runed translucent door, Crazy Yiuf


Innate Abilities, Weirdness & Mutations

Your plain brown scales are hard. (AC +6)
You cannot fit into any form of body armour.
You are cold-blooded and may be slowed by cold attacks.


Message History

* * * LOW HITPOINT WARNING * * *
Unknown command.
You nearly stumble into some deep water!
The orc misses you.
Unknown command.
You closely miss the orc.
You feel less confused.
The orc splashes around in the water.
The orc wizard gestures at you while chanting.
The puff of flame misses you. The orc misses you.
Unknown command.
The orc wizard closely misses you.
The orc wizard points at you and mumbles some strange words.
The magic dart hits you!
* * * LOW HITPOINT WARNING * * *
The orc is engulfed in a cloud of scalding steam.
Unknown command.
The orc wizard is engulfed in a cloud of scalding steam.
The orc wizard gestures wildly while chanting.
The orc wizard flickers and vanishes!
Deactivating autopickup; reactivate with Ctrl-A.
The orc priest looks braver for a moment.
It was a potion of berserk rage.
A red film seems to cover your vision as you go berserk!
You feel yourself moving faster!
You feel mighty!
You punch the orc!
You kill the orc!
The orc priest suddenly grunts, as Orcs often do.
You hear some strange, mumbled words.
A puff of flame appears from out of thin air!
The puff of flame misses you.
Things that are here:
a +0 club; a +0 chain mail You miss something.
Something hits you but does no damage.
You hit something.
Reactivating autopickup.
You feel a bit more experienced.
The orc priest calls down the wrath of Beogh upon you.
Beogh smites you!
You die...

........###)#
###......#.##
##......##
##...###
###..## #...# #
###########.#
#.#≈≈≈≈≈≈≈o≈#.#
#.......o.@)..#
#.#≈≈≈≈≈≈≈o≈###
###########


You could see an orc priest and 2 orcs.

Vanquished Creatures
  A black bear (D:3)
  An orc wizard (D:5)
  A hound skeleton (D:4)
  Robin (D:2)
  5 adders
  8 gnolls
  A worm (D:2)
  2 dart slugs
  4 orcs
  11 ball pythons
  3 bats
  5 endoplasms
  5 giant cockroaches
  10 goblins
  5 hobgoblins
  7 jackals (D:4)
  A quokka (D:1)
  5 kobolds
  3 rats
79 creatures vanquished.

Vanquished Creatures (others)
  3 fungi (D:2)
  2 plants
5 creatures vanquished.

Grand Total: 84 creatures vanquished

Notes
Turn   | Place    | Note
-------+----------+-------------------------------------------
     0 | D:1      | pkoi the Draconian Monk began the quest for the Orb.
     0 | D:1      | Reached XP level 1. HP: 19/19 MP: 1/1
   619 | D:1      | Reached XP level 2. HP: 23/26 MP: 2/2
  1364 | D:2      | Found a runed translucent door.
  1365 | D:2      | Noticed Crazy Yiuf
  1420 | D:2      | Reached XP level 3. HP: 22/31 MP: 3/3
  1745 | D:2      | Reached skill level 4 in Unarmed Combat
  1782 | D:1      | Reached XP level 4. HP: 14/38 MP: 4/4
  2360 | D:2      | Found a faded altar of an unknown god.
  2554 | D:2      | Noticed Robin
  2589 | D:2      | Killed Robin
  3486 | D:3      | Reached XP level 5. HP: 33/45 MP: 5/5
  4967 | D:4      | Noticed a black bear
  4982 | D:3      | Killed a black bear
  4983 | D:3      | Reached skill level 5 in Unarmed Combat
  4983 | D:3      | Reached skill level 1 in Evocations
  4983 | D:3      | Reached XP level 6. HP: 21/51 MP: 6/6
  5787 | D:5      | Entered Level 5 of the Dungeon
  5838 | D:5      | Killed from afar by an orc priest

Illustrated notes

Levels and vault maps discovered:
D:1:      dpeg_arrival_chambers_temple_mockup, layout_loops_ring,
          minmay_shallow_snake_nest
D:2:      layout_loops_ring, serial_forest, infiniplex_forest_lined_room_3,
          infiniplex_forest_straight_5, infiniplex_forest_straight_4,
          infiniplex_forest_clump_tiny, infiniplex_forest_clump_diagonal,
          dreamdust_ecumenical_altar_hidden_monk_grotto, minmay_misc_feat_rows,
          chequers_serial_rivers_room_a, minmay_unequal, uniq_robin,
          uniq_crazy_yiuf_cottage
D:3:      minmay_wonky_spiral, layout_basic, minmay_fountain_box
D:4:      cheibrodos_quashed, layout_loops_corners, temple_fountains
D:5:      layout_loops_ring, amcnicky_mini_rare_corridor_liquid

Skill      XL: |  1  2  3  4  5 |
---------------+----------------+-----
Dodging        | 3 4 |  4.8
Unarmed Combat | 4 5 |  5.2
Evocations     | 1 |  1.7
Fighting       | |  3.2
Stealth        | |  1.7

Action                   |  1- 3 |  4- 6 || total
-------------------------+-------+-------++-------
Melee: Unarmed           |   103 |   144 ||   247
       Tailslap          |    10 |    19 ||    29
       Punch             |     4 |     1 ||     5
       Short sword       |       |    45 ||    45
  Use: Scroll            |       |     5 ||     5
       Potion            |       |     1 ||     1
 Stab: Sleeping          |     2 |     4 ||     6
Armor: Skin              |    27 |    54 ||    81
Dodge: Dodged            |    71 |   129 ||   200
